Map: 필러스 오브 골드 - 래더

Players

DRG

  • Race: Zerg Zerg
  • Spawn Location: 7:00

Zoun - Winner!

  • Race: Protoss Protoss
  • League: Master
  • Spawn Location: 1:00

Event: Cheeseadelphia Winter Championship 2021

VOD

Have the link to the VOD?

Description

Time

  • Played on: Jan. 23, 2021, 4:26 p.m.
  • Length: 6:54

All games in this series

Show
View Real Time Build Order
Export as new Build Order

DRG Zerg 

Build Orders: Hatch First 

Get SALT Encoding   

  12  0:00  Drone  
  13  0:13  Overlord  
  13  0:17  Drone  
  14  0:31  Drone x2  
  14  0:34  Drone  
  17  0:55  Hatchery  
  17  0:56  Drone  
  17  0:59  Drone  
  18  1:09  Extractor  
  17  1:15  Spawning Pool  
  17  1:18  Drone  
  17  1:21  Drone  
  18  1:28  Drone  
  19  1:39  Drone  
  20  1:50  Overlord  
  20  2:01  Queen  
  20  2:07  Queen  
  20  2:08  Zergling x4  
  26  2:12  Drone  
  26  2:13  Metabolic Boost  
  27  2:18  Drone  
  27  2:22  Drone  
  29  2:29  Drone  
  30  2:35  Drone  
  31  2:40  Hatchery  
  31  2:42  Drone  
  31  2:45  Drone  
  32  2:52  Queen  
  32  2:57  Overlord  
  34  2:59  Drone  
  34  3:03  Overlord  
  35  3:05  Drone  
  36  3:18  Drone x3  
  39  3:21  Drone x4  
  39  3:24  Drone  
  44  3:29  Queen  
  44  3:32  Spore Crawler  
  45  3:35  Drone x2  
  47  3:44  Overlord  
  47  3:46  Drone  
  48  3:49  Extractor  
  48  3:50  Roach Warren  
  48  3:55  Zergling x6  
  49  3:57  Queen  
  49  4:01  Drone x2  
  53  4:03  Drone  
  53  4:09  Zergling x6  
  57  4:16  Zergling x6  
  60  4:22  Zergling x6  
  63  4:24  Overlord  
  63  4:26  Overlord  
  63  4:30  Zergling x2  
  63  4:31  Zergling x2  
  64  4:38  Zergling x2  
  64  4:42  Overlord  
  65  4:46  Overlord  
  65  4:48  Spine Crawler  
  65  4:49  Overlord  
  64  5:01  Roach x4  
  64  5:04  Overlord x2  
  64  5:06  Roach x2  
  76  5:09  Zergling x4  
  76  5:12  Zergling x4  
  80  5:16  Zergling x4  
  80  5:19  Zergling x4  
  75  5:25  Zergling x2  
  74  5:30  Zergling x8  
  74  5:32  Zergling x2  
  72  5:39  Ravager x4  
  71  5:43  Drone x2  
  71  5:47  Drone x2  
  75  5:56  Drone  
  75  5:58  Drone  
  75  6:00  Ravager  
  77  6:06  Zergling x14  
  84  6:17  Zergling x10  
  89  6:19  Drone  
  89  6:22  Overlord  
  89  6:23  Drone  
  91  6:30  Drone  
  91  6:31  Drone x3  
  95  6:32  Overlord  
  95  6:34  Drone  
  96  6:45  Spore Crawler  
Show
View Real Time Build Order
Export as new Build Order

Zoun Protoss - Winner!

Build Orders: 1 Gate Expand 

Get SALT Encoding   

  12  0:00  Probe  
  13  0:12  Probe  
  14  0:20  Pylon  
  14  0:24  Probe  
  15  0:38  Probe (Chrono Boost)  
  15  0:40  Gateway  
  16  0:47  Probe (Chrono Boost)  
  17  0:51  Assimilator  
  17  0:52  Probe  
  18  1:04  Probe  
  19  1:16  Probe  
  20  1:28  Nexus  
  20  1:39  Cybernetics Core  
  20  1:41  Probe  
  21  1:50  Assimilator  
  21  1:53  Probe  
  22  1:56  Pylon  
  22  2:05  Probe  
  23  2:12  Warp Gate (Chrono Boost)  
  23  2:15  Adept  
  25  2:19  Probe  
  26  2:29  Twilight Council  
  26  2:36  Probe (Chrono Boost)  
  27  2:43  Probe (Chrono Boost)  
  28  2:45  Stalker  
  28  2:48  Probe (Chrono Boost)  
  31  2:53  Probe (Chrono Boost)  
  31  2:54  Probe (Chrono Boost)  
  31  2:57  Robotics Facility  
  31  2:58  Probe  
  33  3:03  Probe  
  35  3:10  Resonating Glaives (Chrono Boost)  
  35  3:11  Probe  
  36  3:19  Gateway  
  36  3:21  Adept  
  36  3:26  Probe x2  
  40  3:34  Gateway  
  40  3:38  Gateway  
  40  3:43  Warp Prism (Chrono Boost)  
  42  3:55  Pylon  
  42  3:57  Probe x2  
  44  4:05  Pylon  
  44  4:09  Gateway  
  44  4:10  Gateway  
  44  4:12  Observer  
  44  4:15  Adept  
  47  4:17  Adept  
  49  4:25  Pylon  
  49  4:29  Stalker  
  51  4:41  Adept x3  
  57  4:51  Pylon, Probe x2  
  59  4:59  Adept  
  61  5:08  Dark Shrine  
  61  5:10  Assimilator, Probe x2  
  61  5:21  Adept x5  
  65  5:42  Adept x5  
  71  5:44  Probe x2  
  73  6:01  Pylon  
  73  6:02  Probe x2  
  73  6:03  Assimilator  
  71  6:27  Dark Templar x2  
  71  6:32  Shield Battery  
  75  6:37  Adept x3  
  81  6:52  Shield Battery, Dark Templar  
  83  6:53  Shield Battery  
Tags
 
Add a new tag
Caveats
  • Supply blocks, unpowered buildings, or Contaminate may cause inaccurate times.
  • Supply counts are checked every 10 seconds.